 Dungeon Crawl Stone Soup version 0.28.0-45-g0d030f2227 (webtiles) character file.

Game seed: 579177323762299244

6657 pkoi the Ducker (level 10, -2/84 HPs)
             Began as a Demigod Gladiator on Apr 19, 2022.
             Killed from afar by an electric eel (8 damage)
             ... with a bolt of electricity
             ... on level 9 of the Dungeon.
             The game lasted 00:11:16 (8960 turns).

pkoi the Ducker (Demigod Gladiator)                 Turns: 8960, Time: 00:11:17

Health: -2/84      AC: 20    Str: 19    XL:     10   Next: 45%
Magic:  18/18      EV: 11    Int: 14    God:
Gold:   449        SH:  0    Dex: 19    Spells: 10/15 levels left

rFire   . . .      SeeInvis .   q - +8 demon blade "Leech" {vamp, Harm Drain rN+}
rCold   . . .      Faith    .   (no shield)
rNeg    + . .      Spirit   .   n - +0 chain mail
rPois   .          Reflect  .   b - +1 helmet
rElec   .          Harm     +   E - +0 cloak
rCorr   .          Rampage  .   (no gloves)
Will    +....                   g - +2 pair of boots {Fly}
Stlth   ..........              r - amulet of regeneration
HPRegen 1.04/turn               d - +4 ring of protection
MPRegen 0.16/turn               (no ring)

@: flying
A: high MP 1, forlorn, divine attributes
a: no special abilities


You were on level 9 of the Dungeon.
You visited 2 branches of the dungeon, and saw 12 of its levels.

You collected 449 gold pieces.

Inventory:

Hand Weapons
 e - a +0 dagger
 f - a +5 dagger of venom
 k - a +2 dagger of holy wrath
 q - the +8 demon blade "Leech" (weapon) {vamp, Harm Drain rN+}
   (You found it on level 2 of the Dungeon)

   It heals its wielder for a portion of the damage dealt every time it strikes
   a living foe.
   rN:        It protects you from negative energy.
   Drain:     It drains your maximum health when unequipped.
   Harm:      It increases damage dealt and taken.
 x - the +4 flail of the Glowing Priest {vorpal, Int+4 Dex-4 SInv Stlth+}
   (You found it on level 4 of the Dungeon)

   It inflicts extra damage upon your enemies.
   Int:       It affects your intelligence (+4).
   Dex:       It affects your dexterity (-4).
   SInv:      It lets you see invisible.
   Stlth:     It makes you more stealthy.
 A - a +2 dagger of venom
 D - a +2 short sword of speed
Missiles
 c - 3 throwing nets (quivered)
Armour
 a - a +0 leather armour
 b - a +1 helmet (worn)
 g - a +2 pair of boots of flying (worn)
 n - a +0 chain mail (worn)
 w - the +4 robe of Okawaru's Grace {rPois rF- Str+4 Archmagi}
   (You found it on level 4 of the Dungeon)

   Str:       It affects your strength (+4).
   rF:        It makes you vulnerable to fire.
   rPois:     It protects you from poison.
   Archmagi:  It increases the power of your magical spells.
 E - a +0 cloak (worn)
Jewellery
 d - a +4 ring of protection (left hand)
 r - an amulet of regeneration (around neck)
 u - an amulet of reflection
Wands
 p - a wand of paralysis (8)
Scrolls
 t - 2 scrolls of magic mapping
 v - a scroll of fear
 y - a scroll of blinking
 z - 2 scrolls of enchant armour
Potions
 j - 4 potions of heal wounds
 l - 4 potions of curing
 m - a potion of haste
 s - 3 potions of invisibility


   Skills:
 + Level 6.3 Fighting
 + Level 5.6 Long Blades
 - Level 1.7 Throwing
 + Level 5.5 Armour
 + Level 6.5 Dodging
 - Level 4.9 Unarmed Combat
 + Level 3.1 Spellcasting
 + Level 2.7 Translocations
 - Level 1.7 Transmutations
 - Level 1.8 Fire Magic
 - Level 1.9 Poison Magic
 + Level 5.6 Evocations


You had 10 spell levels left.
You knew the following spells:

 Your Spells              Type           Power      Damage    Failure   Level
a - Ignite Poison         Fire/Tmut/Pois 7%         N/A       97%         3
b - Blink                 Tloc           18%        N/A       71%         2

Your spell library contained the following spells:

 Spells                   Type           Power      Damage    Failure   Level
 Wereblood                Tmut           7%         N/A       85%         2
 Magic Dart               Conj           8%         1d3       91%         1
 Searing Ray              Conj           4%         2d4       97%         2
 Sublimation of Blood     Necr           2%         N/A       97%         2
 Conjure Flame            Conj/Fire      4%         6-21      99%         3
 Fulminant Prism          Conj/Hex       1%         3d6       100%        4
 Sticky Flame             Conj/Fire      4%         2d3       100%        4
 Manifold Assault         Tloc           9%         N/A       100%        5
 Storm Form               Tmut/Air       2%         N/A       100%        7
 Summon Hydra             Summ           1%         N/A       100%        7
 Chain Lightning          Conj/Air       1%         3d1       100%        9
 Fire Storm               Conj/Fire      2%         8d1       100%        9
 Shatter                  Erth           1%         3d5*      100%        9


Dungeon Overview and Level Annotations

Branches:
Dungeon (11/15)            Temple (1/1) D:6
   Lair: D:8-11         Orc: D:9-12

Shops:
D:1 (   D:6 *

Annotations:
D:9 3 runed translucent doors, Atherized's ghost, novice MiBe


Innate Abilities, Weirdness & Mutations

You have an increased reservoir of magic. (+10% MP)
You shall have no god before yourself.
Your divine heritage dramatically boosts your attributes as you level up.


Message History

The bolt of electricity hits you!
* * * LOW HITPOINT WARNING * * *
The electric eel shoots out a bolt of lightning at you!
The bolt of electricity hits the electric eel.
The electric eel completely resists.
The bolt of electricity hits you.
* * * LOW HITPOINT WARNING * * *
The electric eel shoots out a bolt of lightning at you!
The bolt of electricity hits you!
* * * LOW HITPOINT WARNING * * *
The bolt of electricity misses you.
The electric eel shoots out a bolt of lightning at you!
The bolt of electricity hits you!
* * * LOW HITPOINT WARNING * * *
The bolt of electricity misses you.
The bolt of electricity misses the electric eel.
An electric eel comes into view.
You slash the electric eel!
You feel better.
You punch the electric eel.
You kill the electric eel!
The electric eel shoots out a bolt of lightning at you!
The bolt of electricity hits you.
* * * LOW HITPOINT WARNING * * *
The bolt of electricity misses you.
The bolt of electricity hits the electric eel.
The electric eel completely resists.
You miss the electric eel.
The electric eel shoots out a bolt of lightning at you!
The bolt of electricity hits you.
* * * LOW HITPOINT WARNING * * *
The bolt of electricity hits you!
* * * LOW HITPOINT WARNING * * *
The bolt of electricity hits the electric eel.
The electric eel completely resists.
You miss the electric eel.
The electric eel shoots out a bolt of lightning at you!
The bolt of electricity hits the electric eel.
The electric eel completely resists.
The bolt of electricity hits you but does no damage.
The electric eel shoots out a bolt of lightning at you!
The bolt of electricity hits you!
You die...

.# #≈≈..≈≈≈≈≈.≈≈≈≈≈ .#
#≈≈≈.≈≈≈≈≈.≈≈≈≈≈.≈ .#
#≈≈≈.≈≈≈≈≈.≈≈≈≈≈.≈ .#
#≈≈≈..≈≈≈≈.≈≈≈≈≈.S .#
#≈≈≈≈.≈≈≈≈.≈≈≈≈≈.≈ .#
#≈≈≈≈.≈≈≈≈.≈≈≈≈≈.≈ .#
#≈≈≈≈..≈≈≈.≈≈≈≈≈.≈ .#
#≈≈≈≈≈.≈≈≈.S≈≈≈≈.≈
#######.........@......#
......#.####..##.#######
.####.# ##.##.#
...##.#######.##.#
.#.##.##.8.##..#.#
.#....#...9c#..#.#
.######8..$O+..#.#
......#∩$8_$+....#
#####.#8$..$+....#


You could see 2 electric eels.

Vanquished Creatures
  An orc sorcerer (D:8)
  A cyclops (D:11)
  A shadow (D:9)
  Eustachio (D:5)
  10 yaks (D:10)
  2 steam dragons
  An orc warrior (D:7)
  A water moccasin (D:7)
  2 ice beasts
  2 black bears
  2 sky beasts
  3 ogres
  A phantom (D:5)
  3 centaurs
  Blork the orc (D:5)
  2 bullfrogs (D:7)
  2 scorpions (D:4)
  A wyvern zombie (D:7)
  A water moccasin zombie (D:5)
  3 water moccasin skeletons
  A jelly (D:6)
  3 killer bees (D:9)
  3 wights (D:10)
  2 howler monkeys
  5 electric eels
  A bullfrog zombie (D:9)
  4 centaur zombies
  A bullfrog skeleton (D:3)
  2 hounds
  5 orc priests
  3 iguanas
  6 orc wizards
  A hound zombie (D:5)
  A hound skeleton (D:5)
  A howler monkey zombie (D:6)
  4 gnolls (D:6)
  9 adders
  3 white imps
  3 worms
  5 dart slugs
  19 orcs
  5 ball pythons
  9 endoplasms
  A giant cockroach (D:1)
  10 hobgoblins
  4 jackals (D:1)
  5 kobolds
  4 quokkas
  4 bats
  6 frilled lizards
  4 goblins
  4 rats
179 creatures vanquished.

Notes
Turn   | Place    | Note
-------+----------+-------------------------------------------
     0 | D:1      | pkoi the Demigod Gladiator began the quest for the Orb.
     0 | D:1      | Reached XP level 1. HP: 17/17 MP: 3/3
   403 | D:1      | Found Towk's Weapon Shoppe.
   576 | D:1      | Reached XP level 2. HP: 20/24 MP: 4/4
  1648 | D:2      | Reached XP level 3. HP: 29/30 MP: 5/5
  1801 | D:2      | Found the +8 demon blade "Leech" {vamp, Harm Drain rN+}
  2255 | D:3      | Reached XP level 4. HP: 34/37 MP: 6/6
  2337 | D:3      | Reached skill level 1 in Long Blades
  2337 | D:3      | Reached skill level 1 in Evocations
  2342 | D:3      | Reached skill level 1 in Armour
  2536 | D:3      | Reached XP level 5. HP: 45/45 MP: 7/7
  2603 | D:3      | Noticed a sky beast
  2612 | D:3      | Killed a sky beast
  2854 | D:4      | Noticed an ogre
  2860 | D:4      | Killed an ogre
  2861 | D:4      | Reached XP level 6. HP: 23/51 MP: 8/8
  2867 | D:4      | Identified the +4 robe of Okawaru's Grace {rPois rF- Str+4
                  | Archmagi}
  3009 | D:4      | Identified the +4 flail of the Glowing Priest {vorpal,
                  | Int+4 Dex-4 SInv Stlth+}
  3031 | D:4      | Reached XP level 7. HP: 58/58 MP: 9/9
  3571 | D:5      | Entered Level 5 of the Dungeon
  3750 | D:5      | Noticed Eustachio
  3776 | D:5      | Killed Eustachio
  3790 | D:5      | Noticed Blork the orc
  3793 | D:5      | Killed Blork the orc
  4158 | D:5      | Reached XP level 8. HP: 67/67 MP: 10/10
  4870 | D:6      | Found a staircase to the Ecumenical Temple.
  4886 | Temple   | Entered the Ecumenical Temple
  5052 | D:6      | Found Zin's Purification Station.
  5065 | D:6      | Reached skill level 5 in Dodging
  5521 | D:7      | Reached skill level 5 in Fighting
  5582 | D:7      | Learned a level 3 spell: Ignite Poison
  5883 | D:7      | Reached XP level 9. HP: 74/74 MP: 12/12
  5950 | D:7      | Reached skill level 1 in Transmutations
  5950 | D:7      | Reached skill level 1 in Fire Magic
  5950 | D:7      | Reached skill level 1 in Poison Magic
  6320 | D:7      | Reached skill level 1 in Spellcasting
  6891 | D:8      | Noticed an orc sorcerer
  6894 | D:8      | Noticed an orange demon
  7054 | D:8      | Noticed a hellwing
  7059 | D:8      | Killed an orc sorcerer
  7273 | D:8      | Learned a level 2 spell: Blink
  8005 | D:9      | Reached skill level 1 in Translocations
  8240 | D:9      | Reached skill level 5 in Long Blades
  8365 | D:9      | You are sucked into a shaft and drop 2 floors!
  8365 | D:11     | Noticed a cyclops
  8373 | D:11     | Killed a cyclops
  8374 | D:11     | Reached skill level 5 in Evocations
  8382 | D:11     | Reached skill level 5 in Armour
  8382 | D:11     | Reached XP level 10. HP: 66/83 MP: 16/16
  8403 | D:10     | Entered Level 10 of the Dungeon
  8736 | D:9      | Noticed a seven-headed hydra
  8736 | D:9      | Found a runed translucent gate.
  8736 | D:9      | Found a runed translucent gate.
  8736 | D:9      | Found a runed translucent gate.
  8737 | D:9      | Noticed Atherized's ghost (novice MiBe)
  8738 | D:9      | Noticed a two-headed ogre
  8960 | D:9      | Killed from afar by an electric eel

Illustrated notes

Levels and vault maps discovered:
D:1:      onia_arrival_pyramid, layout_basic, serial_shops, nicolae_square_shop,
          minivault_4, minmay_tetromino_i2
D:2:      layout_loops_ring, hellmonk_ecumenical_altar_lost_god,
          corexii_leaking_fountain, solitary_fountain, minmay_quadrilaterals
D:3:      layout_rooms
D:4:      wander_river, layout_basic, nicolae_gozag_seed_capital,
          kennysheep_little_box
D:5:      layout_basic, vehumet_crystals, mainiacjoe_overflow_surrounded_room,
          uniq_blork_the_orc, uniq_eustachio
D:6:      layout_basic, zin_purify, minmay_temple_entry_nine_rooms
D:7:      layout_layer_cave, gammafunk_temple_overflow_elements
D:8:      cheibrodos_wizards_tower, layout_loops_ring,
          mainiacjoe_overflow_alcove_4, nicolae_overflow_squiral,
          serial_bayou_pond_a, bh_walls_and_bars
D:9:      layout_basic, mainiacjoe_overflow_catwalk_spiral, ebering_ghost_gozag
D:10:     layout_layer_cave, dpeg_oklobed_lair, serial_shops,
          kennysheep_mini_moat
D:11:     layout_loops_ring, kb_lookout_dungeons_type
Temple:   cyrus_temple_forest

Skill      XL: |  1  2  3  4  5  6  7  8  9 10 |
---------------+-------------------------------+-----
Fighting       | 2 3 4 5 6 |  6.3
Unarmed Combat | 3 4 |  4.9
Long Blades    | 1 2 3 4 5 |  5.6
Dodging        | 3 4 5 6 |  6.5
Evocations     | 1 2 3 4 5 |  5.6
Armour         | 1 2 3 4 5 |  5.5
Transmutations | 1 |  1.7
Fire Magic     | 1 |  1.8
Poison Magic   | 1 |  1.9
Spellcasting   | 2 3 |  3.1
Translocations | 1 2 |  2.7
Throwing       | |  1.7

Action                   |  1- 3 |  4- 6 |  7- 9 | 10-12 || total
-------------------------+-------+-------+-------+-------++-------
Melee: Unarmed           |   130 |       |       |       ||   130
       Punch             |     3 |     1 |     4 |     3 ||    11
       Demon blade       |    23 |    53 |   274 |    52 ||   402
  Use: Scroll            |     5 |       |    10 |     2 ||    17
Armor: Leather armour    |    23 |       |       |       ||    23
       Chain mail        |    49 |    39 |   234 |    26 ||   348
Dodge: Dodged            |    88 |    25 |   170 |    20 ||   303
